 Dungeon Crawl Stone Soup version 0.21-a0-440-g28109cb (webtiles) character file.

1899 tof the Twirler (level 8, -5/62 HPs)
             Began as a Demonspawn Gladiator on Nov 11, 2017.
             Was a Believer of Wu Jian.
             Slain by a wight
             ... wielding a +4 halberd of freezing
              (12 damage)
             ... on level 6 of the Dungeon.
             The game lasted 00:11:02 (4966 turns).

tof the Twirler (Demonspawn Gladiator)              Turns: 4966, Time: 00:11:03

Health: -5/62      AC:  8    Str: 15    XL:     8   Next: 93%
Magic:  17/17      EV: 13    Int: 10    God:    Wu Jian [**....]
Gold:   217        SH:  4    Dex: 16    Spells: 7/7 levels left

rFire    . . .     SeeInvis .   a - +3 quarterstaff (chaos)
rCold    . . .     Gourm    .   (shield currently unavailable)
rNeg     . . .     Faith    .   e - +0 ring mail
rPois    .         Spirit   .   C - +2 hat
rElec    .         Reflect  .   q - +0 cloak
rCorr    .         Harm     .   n - +0 pair of gloves
MR       .....     Rnd*Tele +   F - +1 pair of boots
Stlth    +.........             (no amulet)
HPRegen  0.20/turn              A - ring of magical power
MPRegen  0.15/turn              G - ring of teleportation (curse)

@: corroded, drained
A: horns 1, large bone plates 1, powered by death 2
a: Renounce Religion


You were on level 6 of the Dungeon.
You worshipped Wu Jian.
Wu Jian was pleased with you.
You were not hungry.

You visited 1 branch of the dungeon, and saw 6 of its levels.

You collected 217 gold pieces.

Inventory:

Hand Weapons
 a - a +3 quarterstaff of chaos (weapon)
 p - a +0 quarterstaff
Missiles
 d - 3 throwing nets
 k - 36 poisoned needles
 l - 6 needles of paralysis
 y - 6 tomahawks (quivered)
Armour
 e - a +0 ring mail (worn)
 j - a scarf of spirit shield
 n - a +0 pair of gloves (worn)
 q - a +0 cloak (worn)
 C - a +2 hat (worn)
 F - a +1 pair of boots (worn)
Jewellery
 A - a ring of magical power (left hand)
 G - a cursed ring of teleportation (right hand)
Wands
 o - a wand of polymorph (10/24)
 D - a wand of iceblast (5/15)
Scrolls
 f - 2 scrolls of magic mapping
 i - 2 scrolls of remove curse
 m - 2 scrolls of fear
 s - 2 scrolls of enchant weapon
 t - a scroll of enchant armour
Potions
 b - 2 potions of might
 g - a potion of ambrosia
 r - 2 potions of lignification {unknown}
 w - 3 potions of curing
 x - a potion of heal wounds
 z - a potion of invisibility {unknown}
 H - a potion of mutation {unknown}
 J - a potion of haste {unknown}
Books
 h - a book of Death

   Spells                             Type                      Level
   a - Corpse Rot                     Necromancy                   2
   b - Sublimation of Blood           Necromancy                   2
   c - Agony                          Necromancy                   5
   d - Dispel Undead                  Necromancy                   5
   e - Excruciating Wounds            Charms/Necromancy            5
   f - Bolt of Draining               Conjuration/Necromancy       5
Comestibles
 c - 4 bread rations
 u - 4 chunks of flesh
 v - 3 meat rations
 B - 4 fruits


   Skills:
 + Level 5.0(4.8) Fighting
 * Level 6.8(6.5) Staves
 + Level 4.4(4.2) Throwing
 + Level 4.1(3.8) Armour
 + Level 5.0(4.8) Dodging


You had 7 spell levels left.
You didn't know any spells.

Dungeon Overview and Level Annotations

Branches:
Dungeon (6/15)             Temple (0/1) D:4

Altars:
Elyvilon
Fedhas
Nemelex Xobeh
Wu Jian
Xom


Innate Abilities, Weirdness & Mutations

You have a pair of small horns on your head.
You are partially covered in large bone plates. (SH +4)
You regenerate health from kills.


Message History

The wight moves out of view.
The wight zaps a wand.
The bolt of acid hits you!
You are splashed with acid!
The acid burns!
It is a wand of acid (?/15).
Items here: ( )) [ † a trident; a ring mail; an uncursed shortbow; 11 arrows; a centaur corpse You see here an arrow.
You see here an arrow.
Things that are here:
a dagger; a glowing robe
Items here: )) [[ an enchanted halberd; a robe; a mace; a leather armour You barely miss the wight.
The wight zaps a wand.
The bolt of acid hits you!
* * * LOW HITPOINT WARNING * * *
The acid corrodes you!
You are splashed with acid!
The acid burns!
* * * LOW HITPOINT WARNING * * *
You hit the wight. You burn the wight.
You headbutt the wight, but do no damage.
The wight is lightly damaged.
The wight hits you with a halberd of freezing!
You die...

#.#....#..........#
#.#....##.........#
######.#....#######..###
..................#...
#######.##z#####.##....
####.##.# ....#
#....##(# #.....#(#
#....@#)## #.....z).#
#........# ###......#
#......# #....>.#
########


You could see a wight.

Vanquished Creatures
  The ghost of darxusza the Chopper, an amateur DDMo (D:4)
  A porcupine (shapeshifter) (D:6)
  2 sky beasts (D:5)
  3 ogres
  2 centaurs
  A bullfrog (D:3)
  A water moccasin zombie (D:5)
  3 scorpions
  A wight (D:6)
  A howler monkey (D:5)
  A howler monkey (shapeshifter) (D:5)
  A centaur zombie (D:5)
  5 orc priests
  A hound (D:4)
  Crazy Yiuf (D:2)
  An iguana (D:4)
  4 orc wizards
  3 worker ants
  12 adders
  A gnoll (D:1)
  3 oozes
  5 worms
  2 dart slugs (D:2)
  4 leopard geckos
  18 orcs
  5 ball pythons
  8 bats
  7 giant cockroaches
  14 goblins
  5 hobgoblins
  2 jackals (D:6)
  A quokka (D:2)
  3 frilled lizards
  4 kobolds
  A quokka zombie (D:5)
  3 rats
131 creatures vanquished.

Vanquished Creatures (others)
  A worker ant zombie (D:6)
1 creature vanquished.

Grand Total: 132 creatures vanquished

Notes
Turn   | Place    | Note
-------+----------+-------------------------------------------
     0 | D:1      | tof the Demonspawn Gladiator began the quest for the Orb.
     0 | D:1      | Reached XP level 1. HP: 16/16 MP: 1/1
    64 | D:1      | Gained mutation: You regenerate a little health from kills. [demonic ancestry]
    64 | D:1      | Reached XP level 2. HP: 22/22 MP: 2/2
    92 | D:1      | Reached skill level 3 in Staves
   383 | D:1      | Gained mutation: You are partially covered in large bone plates. (SH +4) [demonic ancestry]
   383 | D:1      | Reached XP level 3. HP: 25/27 MP: 3/3
   612 | D:1      | Reached skill level 1 in Armour
   659 | D:2      | Found an ornate altar of the Wu Jian Council.
   718 | D:2      | Became a worshipper of the Wu Jian Council
   961 | D:2      | Reached XP level 4. HP: 14/34 MP: 2/4
  1224 | D:2      | Found a runed door.
  1228 | D:2      | Noticed Crazy Yiuf
  1244 | D:2      | Killed Crazy Yiuf
  1860 | D:3      | Noticed a bullfrog
  1860 | D:3      | Reached XP level 5. HP: 35/40 MP: 5/5
  1864 | D:3      | Reached skill level 4 in Staves
  1948 | D:3      | Reached * piety under Wu Jian
  2088 | D:3      | Reached XP level 6. HP: 47/47 MP: 6/6
  2640 | D:4      | Noticed darxusza's ghost (amateur DDMo)
  2653 | D:4      | Killed darxusza's ghost
  2653 | D:4      | Gained mutation: You have a pair of small horns on your head. [demonic ancestry]
  2653 | D:4      | Reached XP level 7. HP: 40/52 MP: 7/7
  2724 | D:4      | Found a staircase to the Ecumenical Temple.
  2762 | D:4      | Reached skill level 5 in Staves
  3119 | D:4      | Found a blossoming altar of Fedhas.
  3246 | D:4      | Found a shimmering altar of Xom.
  3326 | D:5      | Entered Level 5 of the Dungeon
  3345 | D:5      | Reached ** piety under Wu Jian
  3397 | D:5      | Gained mutation: You regenerate health from kills. [demonic ancestry]
  3397 | D:5      | Reached XP level 8. HP: 48/60 MP: 8/8
  3529 | D:5      | Found a white marble altar of Elyvilon.
  3822 | D:5      | Reached skill level 6 in Staves
  4026 | D:5      | Found a sparkling altar of Nemelex Xobeh.
  4778 | D:6      | Reached skill level 5 in Fighting
  4778 | D:6      | Reached skill level 5 in Dodging
  4966 | D:6      | Slain by a wight

Vault maps used:
D:1:      doesnt_arrival_eight_statues
D:2:      lemuel_crystal_altar, uniq_crazy_yiuf_cottage
D:4:      minmay_diamond_boxcup, fedhas_altar_3, kennysheep_mini_moat,
          minmay_temple_entry_mist
D:5:      basic_altar, first_bread, nemelex_dance_club_becter

Skill      XL: |  1  2  3  4  5  6  7  8 |
---------------+-------------------------+-----
Throwing       | 2 3 4 |  4.4
Staves         | 3 4 5 6 |  6.8
Armour         | 1 2 3 4 |  4.1
Dodging        | 3 4 5 |  5.0
Fighting       | 3 4 5 |  5.0

Action                   |  1- 3 |  4- 6 |  7- 9 || total
-------------------------+-------+-------+-------++-------
Melee: Quarterstaff      |   123 |   134 |   196 ||   453
       Headbutt          |       |       |    27 ||    27
Throw: Tomahawk          |       |       |     1 ||     1
  Use: Scroll            |       |       |    11 ||    11
 Stab: Paralysed         |       |     7 |     1 ||     8
  Eat: Chunk             |       |     6 |     7 ||    13
Armor: Ring mail         |    54 |    37 |    75 ||   166
Dodge: Dodged            |    97 |    54 |    88 ||   239
Block: Other             |    24 |    21 |    31 ||    76

Table legend:
 A = Spawn XP
 B = Non-spawn XP
 C = Spawn XP percentage of total XP
 D = Spawn monster count
 E = Non-spawn monster count
 F = Spawn count percentage of total count
 G = Total turns spent on level
                    A         B        C        D         E        F      G
               +---------+---------+-------+---------+---------+-------+---------
         Total |       0 |    2713 |   0.0 |       0 |     132 |   0.0 |  4966
               +---------+---------+-------+---------+---------+-------+---------
           D:1 |       0 |      56 |   0.0 |       0 |      22 |   0.0 |   635
           D:2 |       0 |      92 |   0.0 |       0 |      20 |   0.0 |  1159
           D:3 |       0 |     399 |   0.0 |       0 |      36 |   0.0 |   836
           D:4 |       0 |     582 |   0.0 |       0 |      15 |   0.0 |   696
           D:5 |       0 |    1087 |   0.0 |       0 |      25 |   0.0 |  1230
           D:6 |       0 |     497 |   0.0 |       0 |      14 |   0.0 |   410
               +---------+---------+-------+---------+---------+-------+---------
